AoeStats
← #Tsch

Yucatan

510601384Analyzed
4v4 RM · 1d ago on Oct 1, 2026· 88m 42s· 8 players
Game mode
Random Map
Map size
Large (8 player)
Population
200
Speed
Normal
Resources
Standard
Victory
Conquest
Starting age
Dark Age
Ending age
Imperial Age
RankedLock teamsTeams togetherTeam positionsShared explorationLock speedFull tech treeHidden civsTurbo modeCheats
Victory
Defeat
🇩🇪 Persians · Germany
1069
+16
🇳🇱 Hindustanis · Netherlands
1059
+17
🇹🇷 Franks · Türkiye
1033
+18
🇹🇷 Armenians · Türkiye
992
+19
🇩🇪 Teutons · Germany
1088
-18
🇩🇪 Burgundians · Germany
1075
-18
🇩🇪 Tupi · Germany
1062
-17
🇦🇷 Vietnamese · Argentina
1052
-17
#Tsch
9:45 Feudal Age
10:26 Double-Bit Axe
14:34 Castle Age
13:02 Horse Collar
13:18 Gold Mining
20:56 Scale Mail Armor
24:59 Loom
25:12 Fletching
31:17 Bow Saw
31:38 Horse Collar
34:33 Gold Shaft Mining
35:27 Ballistics
35:09 Town Watch
38:02 Forging
37:38 Pikeman
38:18 Squires
38:35 Chain Mail Armor
38:30 Bodkin Arrow
39:10 Heavy Plow
44:12 Wheelbarrow
Squeaker
5:55 Loom
10:56 Feudal Age
14:02 Horse Collar
18:31 Castle Age
17:34 Gold Mining
17:31 Double-Bit Axe
18:03 Stone Mining
21:05 Scale Mail Armor
22:17 Fletching
22:31 Town Watch
23:23 Wheelbarrow
23:20 Pikeman
24:17 Squires
30:12 Hand Cart
31:43 Bodkin Arrow
35:54 Stone Shaft Mining
35:58 Heavy Plow
36:39 Bow Saw
38:49 Forging
38:56 Chain Mail Armor
40:35 Fortified Wall
41:36 Iron Casting
45:01 Imperial Age
43:20 Scale Barding Armor
43:45 Ironclad
43:51 Town Patrol
44:22 Chain Barding Armor
44:30 Ballistics
44:21 Masonry
45:13 Halberdier
47:04 Chemistry
46:10 Siege Engineers
46:46 Crop Rotation
47:19 Two-Man Saw
47:22 Conscription
47:24 Crenellations
48:11 Plate Mail Armor
49:24 Hoardings
53:32 Blast Furnace
52:33 Padded Archer Armor
65:36 Arrowslits
76:37 Elite Teutonic Knight
Dany Sahne
3:39 Loom
6:16 Double-Bit Axe
11:17 Feudal Age
12:51 Bow Saw
12:11 Man-at-Arms
14:03 Arson
18:23 Castle Age
20:52 Two-Man Saw
19:16 Cavalier
26:22 Town Watch
30:06 Husbandry
32:04 Wheelbarrow
36:09 Scale Barding Armor
39:37 Forging
40:01 Hand Cart
40:28 Horse Collar
41:42 Iron Casting
42:27 Chain Barding Armor
43:40 Town Patrol
46:21 Imperial Age
45:28 Pikeman
47:06 Squires
47:22 Paladin
47:30 Capped Ram
49:53 Blast Furnace
49:29 Plate Barding Armor
52:11 Fortified Wall
57:18 Light Cavalry
63:18 Conscription
66:18 Devotion
66:30 Fervor
66:23 Atonement
66:51 Illumination
Jeandecorrouge
9:53 Loom
15:36 Feudal Age
21:44 Castle Age
19:39 Gold Mining
21:45 Horse Collar
21:58 Stone Mining
22:48 Heavy Plow
23:03 Double-Bit Axe
26:17 Bow Saw
30:38 Treadmill Crane
31:24 Ballistics
32:39 Wheelbarrow
34:11 Fletching
34:33 Forging
35:24 Hand Cart
35:31 Bodkin Arrow
37:18 Thumb Ring
40:34 Imperial Age
38:20 Padded Archer Armor
40:28 Leather Archer Armor
40:49 Iron Casting
42:08 Chatras
43:24 Two-Man Saw
[AoS] jOhNChiLLy
4:40 Loom
11:44 Feudal Age
17:14 Castle Age
15:20 Double-Bit Axe
16:37 Forging
17:38 Scale Barding Armor
20:52 Bow Saw
20:28 Horse Collar
21:03 Fletching
21:50 Elite Skirmisher
26:06 Iron Casting
27:32 Husbandry
29:20 Wheelbarrow
29:52 Heavy Plow
31:26 Ballistics
31:46 Gold Mining
32:43 Murder Holes
33:18 Chain Barding Armor
34:56 Padded Archer Armor
36:03 Bodkin Arrow
36:46 Bloodlines
37:03 Leather Archer Armor
41:11 Imperial Age
40:13 Stone Mining
40:31 Thumb Ring
40:38 Scale Mail Armor
40:41 Squires
43:10 Blast Furnace
41:33 Heavy Camel Rider
43:18 Chemistry
42:45 Bracer
44:11 Plate Barding Armor
45:11 Ring Archer Armor
52:36 Conscription
57:20 Hand Cart
58:28 Gold Shaft Mining
61:45 Shatagni
69:20 Chain Mail Armor
78:08 Spies/Treason
88:35 Imperial Camel Rider
88:39 Pikeman
Dovahkiin
9:05 Loom
12:07 Feudal Age
13:03 Man-at-Arms
13:29 Arson
15:17 Scale Mail Armor
15:28 Forging
18:38 Long Swordsman
19:53 Horse Collar
25:14 Castle Age
26:11 Pikeman
26:51 Squires
27:37 Double-Bit Axe
27:44 Gold Mining
29:16 Heavy Plow
31:35 Bow Saw
34:44 Halberdier
37:41 Chain Mail Armor
39:06 Two-Handed Swordsman
39:31 Gambesons
44:24 Imperial Age
50:36 Plate Mail Armor
50:41 Iron Casting
51:54 Wheelbarrow
51:48 Capped Ram
53:14 Gambesons
55:09 Champion
59:01 Fereters
84:34 Blast Furnace
87:43 Spies/Treason
[AoS] MiLyaRder
3:02 Loom
10:27 Feudal Age
10:32 Man-at-Arms
13:51 Forging
13:46 Scale Barding Armor
13:44 Scale Mail Armor
13:57 Forging
20:25 Castle Age
20:49 Gold Mining
20:46 Double-Bit Axe
20:32 Long Swordsman
21:13 Squires
21:24 Forging
21:29 Chain Mail Armor
22:12 Wheelbarrow
23:01 Gold Shaft Mining
23:34 Hand Cart
29:14 Scale Barding Armor
30:37 Iron Casting
30:55 Stone Mining
36:26 Imperial Age
34:11 Husbandry
35:55 Bow Saw
36:07 Chain Barding Armor
36:55 Cavalier
37:59 Conscription
39:29 Blast Furnace
39:04 Plate Barding Armor
39:54 Paladin
40:31 Town Watch
41:18 Town Patrol
43:20 Chemistry
42:26 Siege Engineers
42:32 Masonry
42:04 Treadmill Crane
47:28 Coinage
48:45 Banking
48:48 Architecture
55:14 Elite Throwing Axeman
55:55 Chivalry
65:17 Ballistics
66:46 Capped Ram
66:58 Pikeman
67:54 Halberdier
69:18 Ordonnance Companies
69:57 Murder Holes
76:44 Hoardings
78:04 Spies/Treason
82:05 Fortified Wall
81:45 Guard Tower
81:41 Arrowslits
82:07 Careening
82:03 Siphons
82:09 Clinker Construction
82:37 Plate Mail Armor
[AoS] SenolMurat
6:27 Loom
11:03 Feudal Age
18:19 Castle Age
18:51 Bloodlines
19:57 Horse Collar
23:57 Scale Barding Armor
28:15 Forging
32:17 Fletching
33:54 Heavy Plow
40:55 Imperial Age
39:23 Wheelbarrow
38:34 Town Watch
40:17 Husbandry
40:40 Chain Barding Armor
40:56 Iron Casting
40:37 Cavalier
43:32 Stone Mining
49:54 Plate Barding Armor
49:15 Bodkin Arrow
49:46 Hand Cart
49:17 Savar
53:57 Blast Furnace
54:51 Kamandaran
55:12 Conscription
55:25 Padded Archer Armor
55:25 Scale Mail Armor
55:49 Ballistics
56:30 Chemistry
56:43 Crossbowman
57:28 Thumb Ring
57:46 Leather Archer Armor
57:47 Chain Mail Armor
59:36 Murder Holes
67:49 Sappers
68:58 Hoardings
76:01 Ring Archer Armor
76:02 Plate Mail Armor
87:23 Spies/Treason
Connection lost

Rejoining the realm…

Still unreachable

The connection could not be restored.

Session expired

The server has moved on; the page needs a fresh start.